 Dungeon Crawl Stone Soup version 0.28-a0-1128-gb845255321 (webtiles) character file.

Game seed: 9839667204666410985

310 ytsedan the Chopper (level 6, -3/55 HPs)
             Began as a Minotaur Fighter on Dec 12, 2021.
             Succumbed to a kobold brigand's curare-tipped dart
             ... on level 4 of the Dungeon.
             The game lasted 00:13:23 (3702 turns).

ytsedan the Chopper (Minotaur Fighter)              Turns: 3702, Time: 00:13:24

Health: -3/55      AC: 11    Str: 26    XL:     6   Next: 18%
Magic:  5/5        EV:  8    Int:  5    God:
Gold:   136        SH:  4    Dex:  9    Spells: 5/5 levels left

rFire   . . .      SeeInvis .   a - +0 war axe
rCold   . . .      Faith    .   c - +0 buckler
rNeg    . . .      Spirit   .   w - +0 chain mail
rPois   .          Reflect  .   (helmet restricted)
rElec   .          Harm     .   (no cloak)
rCorr   .          Rampage  .   v - +0 pair of gloves {Str+3}
Will    .....                   (no boots)
Stlth   ..........              (no amulet)
HPRegen 0.18/turn               (no ring)
MPRegen 0.09/turn               (no ring)

@: brilliant, lethally poisoned (-3 -> -22), slowed, very slow
A: horns 2, retaliatory headbutt
a: no special abilities


You were on level 4 of the Dungeon.
You visited 1 branch of the dungeon, and saw 4 of its levels.

You collected 136 gold pieces.

Inventory:

Hand Weapons
 a - a +0 war axe (weapon)
 f - a +0 hand axe
 q - a +0 hunting sling
Missiles
 h - 14 poisoned darts (quivered)
 r - 44 sling bullets
Armour
 b - a +0 scale mail
 c - a +0 buckler (worn)
 v - a +0 pair of gloves of strength (worn)
 w - a +0 chain mail (worn)
Jewellery
 u - a +4 ring of protection
Wands
 n - a wand of digging (1)
 t - a wand of polymorph (9)
Scrolls
 j - a scroll of fog {unknown}
 l - 2 scrolls of teleportation
Potions
 d - a potion of might
 e - 2 potions of haste
 g - 4 potions of heal wounds {unknown}
 k - a potion of cancellation {unknown}
 m - a potion of flight {unknown}
 o - a potion of lignification {unknown}
 p - a potion of attraction {unknown}
 s - a potion of curing {unknown}


   Skills:
 + Level 4.9 Fighting
 * Level 5.3 Axes
 + Level 5.0 Armour
 + Level 4.8 Shields


You had 5 spell levels left.
You didn't know any spells.
Your spell library contained the following spells:

 Spells                   Type           Power      Damage    Failure   Level
 Summon Small Mammal      Summ           0%         N/A       97%         1
 Call Canine Familiar     Summ           0%         N/A       100%        3
 Portal Projectile        Hex/Tloc       0%         N/A       100%        3
 Summon Guardian Golem    Hex/Summ       0%         N/A       100%        3
 Leda's Liquefaction      Hex/Erth       0%         N/A       100%        4


Dungeon Overview and Level Annotations

Branches:
Dungeon (4/15)
 Temple: D:4-7

Altars:


Innate Abilities, Weirdness & Mutations

You have a pair of horns on your head.
You reflexively headbutt those who attack you in melee.


Message History

The kobold brigand throws a curare-tipped dart.
The curare-tipped dart hits you.
You are poisoned.
You have difficulty breathing.
You feel yourself slow down.
You feel extremely sick.
You feel very sick.
You feel very sick.
The kobold brigand throws a curare-tipped dart.
The curare-tipped dart barely misses you.
You feel very sick.
You feel sick.
You feel sick.
You feel sick.
You feel sick.
You are no longer poisoned.
You slash the hobgoblin!
You kill the hobgoblin!
The kobold brigand throws a curare-tipped dart.
You block the curare-tipped dart.
You hear the rapid rusting of a very distant drain.
The kobold brigand barely misses you.
Things that are here:
a fizzy cyan potion; 18 gold pieces; a hobgoblin corpse You feel yourself speed up.
The kobold brigand throws a curare-tipped dart.
The curare-tipped dart hits you.
You are poisoned.
You have difficulty breathing.
You feel yourself slow down.
The kobold brigand throws a curare-tipped dart.
The curare-tipped dart hits you.
You are lethally poisoned!
You have difficulty breathing.
* * * LOW HITPOINT WARNING * * *
You feel as though you will be slow longer.
It was a potion of brilliance.
You feel clever all of a sudden.
* * * LOW HITPOINT WARNING * * *
You feel extremely sick.
You are too injured to fight recklessly!
You die...

#######.........#.#
#.........#
#######.#.#.#
#.........# #.#.#.#
#.........# #.#...#
#.......... ######
#.#######..........
#....####.#
#.........####
#....'.†..# #.........#
###....#########.......#
#......'....@.K!.......#
###....###############.#
##...# #.......# #.#
#.### #.#####.# #.# #.#
#....##.# #.##### #.#
#....##.####.....# #.#
#................# #.#
#.# ##.#+###..........#
#.###.###
#...................


You could see a kobold brigand.

Vanquished Creatures
  Sigmund (D:3)
  A hound (D:4)
  Ijyb (D:4)
  A hound skeleton (D:4)
  An adder (D:3)
  2 dart slugs
  3 worms (D:2)
  2 orcs
  7 bats
  6 endoplasms
  4 giant cockroaches
  7 goblins
  7 hobgoblins
  A jackal (D:2)
  8 kobolds
  2 quokkas
  4 ball pythons
  5 frilled lizards
  9 rats
72 creatures vanquished.

Notes
Turn   | Place    | Note
-------+----------+-------------------------------------------
     0 | D:1      | ytsedan the Minotaur Fighter began the quest for the Orb.
     0 | D:1      | Reached XP level 1. HP: 19/19 MP: 0/0
   183 | D:1      | Reached XP level 2. HP: 22/27 MP: 1/1
   903 | D:2      | Reached XP level 3. HP: 30/33 MP: 2/2
  2358 | D:3      | Reached XP level 4. HP: 39/40 MP: 3/3
  2470 | D:3      | Noticed Sigmund
  2483 | D:3      | Killed Sigmund
  2484 | D:3      | Reached skill level 5 in Axes
  2484 | D:3      | Reached XP level 5. HP: 43/47 MP: 4/4
  2533 | D:3      | Found a faded altar of an unknown god.
  3335 | D:4      | Reached XP level 6. HP: 53/55 MP: 5/5
  3511 | D:4      | Noticed Ijyb
  3529 | D:4      | Killed Ijyb
  3530 | D:4      | Reached skill level 5 in Armour
  3702 | D:4      | Succumbed to a kobold brigand's curare-tipped dart

Illustrated notes

Levels and vault maps discovered:
D:1:      sevenhm_arrival_forest_fort_small_4, layout_rooms
D:2:      minmay_thinvault, layout_loops_ring
D:3:      layout_loops_ring, shapermc_ecumenical_altar_mp_ritualfount,
          columned_hall_lemuel, uniq_sigmund
D:4:      layout_basic, gammafunk_ghost_smash, portal_sewer_entry_e,
          minmay_ogre_servants, uniq_ijyb

Skill      XL: |  1  2  3  4  5  6 |
---------------+-------------------+-----
Axes           | 3 5 |  5.3
Fighting       | 4 |  4.9
Armour         | 4 5 |  5.0
Shields        | 4 |  4.8

Action                   |  1- 3 |  4- 6 || total
-------------------------+-------+-------++-------
Melee: War axe           |    87 |    51 ||   138
       Headbutt          |    12 |     8 ||    20
  Use: Scroll            |       |     7 ||     7
       Potion            |       |     1 ||     1
Armor: Scale mail        |    31 |     7 ||    38
       Chain mail        |       |    24 ||    24
Dodge: Dodged            |    37 |    24 ||    61
Block: Buckler           |    14 |    12 ||    26

Table legend: (Time is in decaauts)
 A = Elapsed time spent in this place.
 B = Non-inter-level travel time spent in this place.
 C = Inter-level travel time spent in this place.
 D = Time resting spent in this place.
 E = Time spent auto-exploring this place.
 F = Levels seen in this place.
 G = Mean time per level.
                   A        B        C        D        E       F      G
               +--------+--------+--------+--------+--------+-----+--------+
         Total |   3761 |   3443 |    318 |    218 |   2043 |   4 |  940.2 |
       Dungeon |   3761 |   3443 |    318 |    218 |   2043 |   4 |  940.2 |
               +--------+--------+--------+--------+--------+-----+--------+

Top non-repeatable levels by time:
     D:2: 1475 daAuts
     D:3: 946 daAuts
     D:1: 810 daAuts
     D:4: 529 daAuts
